 Dungeon Crawl Stone Soup version bcrawl-1.13-1-g4ae1fcee6e (webtiles) character file.

Game seed: 6442095378180109315

966 RedPan the Changer (level 7, -2/57 HPs)
             Began as a Yellow Draconian Transmuter on July 29, 2019.
             Was an Initiate of Makhleb.
             Slain by a gnoll shaman
             ... wielding a +0 club
              (7 damage)
             ... on level 5 of the Dungeon.
             The game lasted 00:13:47 (5708 turns).

RedPan the Changer (Yellow Draconian Transmuter)    Turns: 5708, Time: 00:13:47

Health: -2/57      AC:  2    Str: 13    XL:     7   Next: 93%
Magic:  10/10      EV: 21    Int: 15    God:    Makhleb [......]
Gold:   287        SH:  0    Dex: 16    Spells: 5/10 levels left

rFire    . . .     SeeInvis .     - Unarmed
rCold    . . .     Gourm    .   (shield currently unavailable)
rNeg     . . .     Faith    .   (armour unavailable)
rPois    x         Spirit   .   (helmet currently unavailable)
rElec    .         Reflect  .   (cloak currently unavailable)
rCorr    .         Harm     .   (gloves currently unavailable)
MR       .....                  (boots currently unavailable)
Stlth    +.........             (no amulet)
HPRegen  0.19/turn              (no ring)
MPRegen  0.12/turn              (no ring)

@: lethally poisoned (-2 -> -9), spider-form (expiring), glowing
A: tiny, (spit acid), (acid resistance), unfitting armour, AC +6
a: End Transformation, Renounce Religion


You were on level 5 of the Dungeon.
You worshipped Makhleb.
Makhleb was noncommittal.
You were not hungry.
You were a venomous arachnid creature.
You visited 2 branches of the dungeon, and saw 6 of its levels.

You collected 287 gold pieces.

Inventory:

Missiles
 a - 479 arrows
Armour
 f - a +1 pair of boots (melded)
Wands
 e - a wand of iceblast (9)
Scrolls
 b - 5 scrolls of teleportation
 h - 4 scrolls of fog
 m - 3 scrolls of remove curse
 n - a scroll of amnesia
Potions
 c - 2 potions of lignification
 g - 2 potions of might
 j - a potion of magic
 k - 3 potions of curing
 l - a potion of cancellation {unknown}
 o - 2 potions of brilliance {unknown}
 p - a potion of degeneration {unknown}
 q - a potion of berserk rage {unknown}
 r - a potion of flight {unknown}
Comestibles
 d - 6 rations {!d}


   Skills:
 + Level 3.5 Fighting
 + Level 3.3 Dodging
 + Level 4.3 Unarmed Combat
 - Level 2.0 Spellcasting
 - Level 6.0 Transmutations
 - Level 4.0 Poison Magic


You had 5 spell levels left.
You knew the following spells:

 Your Spells              Type           Power        Failure   Level  Hunger
b - Sticks to Snakes      Tmut           ###.....     10%         2    ###....
c - Spider Form           Tmut/Pois      ###          22%         3    ###....

Your spell library contained the following spells:

 Spells                   Type           Power        Failure   Level  Hunger
 Beastly Appendage        Tmut           ###...       8%          1    #......
 Blade Hands              Tmut           ###.......   67%         5    ######.
 Ice Form                 Ice/Tmut       ##......     75%         4    #####..


Dungeon Overview and Level Annotations

Branches:
Dungeon (5/12)             Temple (1/1) D:4

Altars:
Ashenzari
Cheibriados
Dithmenos
Elyvilon
Fedhas
Hepliaklqana
Kikubaaqudgha
Lugonu
Makhleb
Nemelex Xobeh
Okawaru
Ru
Sif Muna
Trog
Uskayaw
Yredelemnul
Zin
The Shining One

Shops:
D:4 (


Innate Abilities, Weirdness & Mutations

((You can spit globs of acid.))
((You are resistant to acid.))
((Your golden yellow scales are hard. (AC +6)))
You cannot fit into any form of body armour.
((You are cold-blooded and may be slowed by cold attacks.))


Message History

The adder bites you.
* * * LOW HITPOINT WARNING * * *
The worker ant barely misses you. The gnoll hits you.
* * * LOW HITPOINT WARNING * * *
You barely miss the worker ant. The adder completely misses you.
The worker ant completely misses you. The gnoll completely misses you.
You completely miss the worker ant. The adder bites you.
* * * LOW HITPOINT WARNING * * *
You are lethally poisoned!
The adder poisons you! The worker ant misses you.
The gnoll completely misses you. The gnoll misses you.
The adder barely misses you. The gnoll closely misses you.
You hit the worker ant.
The worker ant is poisoned.
The worker ant is lightly wounded.
* * * LOW HITPOINT WARNING * * *
You feel sick. The worker ant completely misses you. The gnoll hits you.
* * * LOW HITPOINT WARNING * * *
The gnoll shaman hits you with a +0 club!
You die...

..##..#...#
......#[..## .. ..
........##... . #.
#........#.. ..
#..#.))...........
#...?...## ## ....
##.....#.##.#.....
##....#ga.....$..
#......gs.%.....
##.....Sgg......
#....(...........
....###...........
#.... ...>.........
##...#.............
.........##.......
...###.. .......
..# #.. ......


You could see a gnoll shaman, a worker ant, 3 gnolls and an adder.

Vanquished Creatures
  Eustachio (D:4)
  An ogre (D:4)
  A phantom (D:4)
  A centaur (D:5)
  2 howler monkeys (D:3)
  2 orc priests (D:3)
  2 orc wizards
  2 iguanas
  A centaur skeleton (D:4)
  2 worker ants
  A howler monkey zombie (D:3)
  4 gnolls
  5 adders
  A shadow imp (D:4)
  3 oozes
  An adder skeleton (D:4)
  4 worms
  7 dart slugs
  4 leopard geckos
  18 orcs
  4 bats
  6 giant cockroaches
  3 goblins
  13 hobgoblins
  2 jackals (D:1)
  4 quokkas (D:3)
  A ball python (D:3)
  6 frilled lizards
  7 kobolds
  8 rats
117 creatures vanquished.

Vanquished Creatures (others)
  An adder (D:5)
1 creature vanquished.

Grand Total: 118 creatures vanquished

Notes
Turn   | Place    | Note
-------+----------+-------------------------------------------
     0 | D:1      | RedPan the Draconian Transmuter began the quest for the
                  | Orb.
     0 | D:1      | Reached XP level 1. HP: 16/16 MP: 3/3
   212 | D:1      | Reached XP level 2. HP: 17/23 MP: 3/5
   405 | D:1      | Reached skill level 3 in Transmutations
  1018 | D:2      | Reached XP level 3. HP: 26/28 MP: 4/6
  1056 | D:2      | Learned a level 2 spell: Sticks to Snakes
  1060 | D:2      | Learned a level 3 spell: Spider Form
  1640 | D:2      | Reached skill level 1 in Poison Magic
  1656 | D:2      | Reached skill level 4 in Transmutations
  1700 | D:2      | Reached XP level 4. HP: 21/35 MP: 3/7
  1897 | D:2      | Found a bloodstained altar of Trog.
  2549 | D:2      | Reached XP level 5. HP: 18/40 MP: 4/8
  2953 | D:3      | Found a hide-covered altar of Uskayaw.
  3285 | D:3      | Reached skill level 5 in Transmutations
  3390 | D:3      | Reached XP level 6. HP: 34/47 MP: 6/9
  4288 | D:4      | Found a staircase to the Ecumenical Temple.
  4299 | D:4      | Your scales start taking on a golden yellow colour.
  4299 | D:4      | Reached XP level 7. HP: 11/53 MP: 10/10
  4562 | D:4      | Noticed Eustachio
  4626 | Temple   | Entered the Ecumenical Temple
  4900 | Temple   | Became a worshipper of Makhleb the Destroyer
  5069 | D:4      | Found a hazy altar of Hepliaklqana.
  5072 | D:4      | Found an iron altar of Okawaru.
  5076 | D:4      | Found Wirumiru's Weapon Boutique.
  5086 | D:4      | Reached skill level 6 in Transmutations
  5138 | D:4      | Found a basalt altar of Yredelemnul.
  5232 | D:4      | Found a white marble altar of Elyvilon.
  5285 | D:4      | Killed Eustachio
  5679 | D:5      | Entered Level 5 of the Dungeon
  5708 | D:5      | Slain by a gnoll shaman

Skill      XL: |  1  2  3  4  5  6  7 |
---------------+----------------------+-----
Transmutations | 3 4 5 6 |  6.0
Poison Magic   | 1 2 3 4 |  4.0
Dodging        | 2 3 |  3.3
Fighting       | 3 |  3.5
Unarmed Combat | 4 |  4.3
Spellcasting   | |  2.0

Action                   |  1- 3 |  4- 6 |  7- 9 || total
-------------------------+-------+-------+-------++-------
Melee: Unarmed           |   163 |   217 |    81 ||   461
       Headbutt          |     9 |       |       ||     9
       Tailslap          |    14 |     5 |       ||    19
       Kick              |     1 |       |       ||     1
       Punch             |     2 |       |       ||     2
 Cast: Beastly Appendage |    11 |     1 |       ||    12
       Spider Form       |     1 |     9 |       ||    10
  Use: Scroll            |     3 |     8 |     1 ||    12
       Potion            |       |       |     1 ||     1
 Stab: Sleeping          |       |     1 |     2 ||     3
  Eat: Chunk             |     3 |    10 |     4 ||    17
Armor: Skin              |    43 |    19 |    15 ||    77
Dodge: Dodged            |    93 |   134 |   130 ||   357
